AoeStats
← JoackoMaga

Four Lakes

510118777Analyzed
1v1 RM · 3d ago on Sep 29, 2026· 26m 25s· 2 players
Game mode
Random Map
Map size
Tiny (2 player)
Population
200
Speed
Normal
Resources
Standard
Victory
Conquest
Starting age
Dark Age
Ending age
Imperial Age
RankedLock teamsTeams togetherTeam positionsShared explorationLock speedFull tech treeHidden civsTurbo modeCheats
Victory
Defeat
🇲🇽 Mongols · Mexico
1011
+15
🇦🇷 Varangians · Argentina
997
-15
JoackoMaga
11:45 Feudal Age
12:53 Loom
17:48 Castle Age
21:34 Wheelbarrow
20:47 Double-Bit Axe
21:58 Arson
luisvala631
7:48 Loom
9:40 Feudal Age
11:39 Double-Bit Axe
12:45 Horse Collar
13:34 Forging
18:02 Wheelbarrow
20:14 Castle Age
20:44 Bloodlines
21:51 Scale Barding Armor
22:52 Iron Casting
23:03 Chain Barding Armor
23:51 Husbandry
Connection lost

Rejoining the realm…

Still unreachable

The connection could not be restored.

Session expired

The server has moved on; the page needs a fresh start.